Map: Backwater LE

Players

Minato

  • Race: Zerg Zerg
  • Spawn Location: 11:00

Awers (Hades) - Winner!

  • Race: Terran Terran
  • Spawn Location: 5:00

Event: IEM Season 12 - Katowice

VOD

Have the link to the VOD?

Description

Time

  • Played on: Feb. 26, 2018, 9:23 a.m.
  • Length: 15:29

All games in this series

Show
View Real Time Build Order
Export as new Build Order

Minato Zerg 

Build Orders: Hatch First, Roach Hydra 

Get SALT Encoding   

  12  0:01  Drone  
  13  0:12  Overlord  
  13  0:17  Drone  
  14  0:30  Drone x2  
  14  0:35  Drone  
  17  0:53  Hatchery  
  17  0:55  Drone  
  17  0:58  Drone  
  18  1:09  Extractor  
  17  1:13  Spawning Pool  
  17  1:15  Drone  
  17  1:20  Drone  
  18  1:30  Drone  
  19  1:40  Overlord  
  19  1:49  Drone  
  20  2:00  Drone, Queen  
  23  2:04  Zergling x2  
  23  2:05  Queen  
  26  2:13  Metabolic Boost  
  26  2:15  Drone  
  27  2:16  Drone  
  28  2:23  Drone  
  28  2:27  Drone  
  30  2:30  Spore Crawler  
  29  2:46  Drone x2  
  29  2:47  Drone  
  29  2:48  Drone, Queen  
  29  2:49  Queen  
  29  2:50  Spore Crawler  
  36  2:56  Overlord  
  36  2:59  Overlord  
  36  3:16  Hatchery  
  36  3:19  Drone x3  
  38  3:20  Drone x3  
  38  3:21  Drone  
  38  3:22  Drone  
  43  3:29  Queen  
  45  3:34  Queen  
  47  3:42  Overlord x2  
  47  3:46  Spore Crawler  
  46  3:52  Zergling x2  
  46  3:53  Zergling x6  
  49  3:57  Zergling x6  
  49  4:02  Spore Crawler  
  51  4:04  Zergling x2  
  51  4:05  Zergling x2  
  51  4:08  Spore Crawler  
  52  4:12  Zergling x2  
  52  4:16  Lair  
  55  4:20  Extractor x2  
  55  4:22  Roach Warren  
  55  4:23  Drone x2  
  55  4:24  Drone  
  55  4:26  Drone  
  56  4:32  Spore Crawler, Drone  
  56  4:33  Drone  
  56  4:34  Drone  
  58  4:39  Drone x2  
  58  4:45  Drone x3  
  63  4:48  Drone  
  63  4:49  Drone  
  65  4:53  Spore Crawler  
  65  4:54  Drone  
  65  5:03  Overlord  
  65  5:04  Overlord  
  65  5:05  Overlord  
  65  5:12  Overlord x2  
  65  5:15  Glial Reconstitution  
  65  5:24  Drone x5  
  65  5:27  Drone  
  65  5:28  Drone  
  72  5:30  Roach  
  72  5:33  Roach x2  
  78  5:38  Roach x2  
  78  5:41  Roach  
  78  5:42  Roach  
  86  5:50  Drone x6  
  86  5:51  Drone  
  86  5:53  Drone  
  86  5:54  Drone  
  95  6:01  Overlord x2  
  95  6:02  Overlord  
  95  6:04  Overlord  
  94  6:19  Extractor  
  94  6:20  Drone x9  
  94  6:21  Evolution Chamber, Drone, Hydralisk Den  
  94  6:23  Drone, Extractor  
  94  6:24  Extractor  
  100  6:37  Hatchery  
  99  6:41  Drone x3  
  96  6:55  Queen  
  96  7:02  Muscular Augments  
  96  7:03  Zerg Missile Weapons Level 1  
  96  7:06  Drone x17, Evolution Chamber  
  96  7:07  Drone  
  110  7:34  Drone x10  
  120  7:38  Queen  
  122  7:44  Overlord  
  122  7:45  Overlord x7  
  117  7:53  Queen  
  117  7:54  Extractor  
  117  7:55  Extractor  
  117  7:58  Zerg Ground Armor Level 1  
  117  8:00  Hydralisk x2  
  117  8:01  Roach x3  
  117  8:03  Hatchery  
  125  8:06  Roach x2  
  125  8:07  Hydralisk Den  
  125  8:11  Hydralisk x2  
  125  8:12  Roach x3  
  138  8:14  Grooved Spines  
  138  8:27  Hydralisk x5  
  138  8:28  Roach x5  
  138  8:29  Roach  
  153  8:34  Hydralisk x2  
  153  8:35  Roach  
  159  8:41  Overseer  
  159  8:50  Infestation Pit  
  159  8:51  Hydralisk x3  
  159  8:52  Roach x4  
  159  8:53  Roach  
  164  8:59  Zerg Missile Weapons Level 2  
  164  9:02  Hydralisk  
  164  9:03  Roach  
  164  9:04  Roach  
  164  9:09  Roach, Hydralisk x2  
  176  9:13  Drone  
  176  9:14  Drone x2  
  176  9:16  Roach  
  181  9:21  Spore Crawler  
  181  9:23  Spore Crawler  
  178  9:25  Hydralisk  
  178  9:26  Roach  
  181  9:38  Hydralisk x4  
  179  9:39  Roach x4, Hydralisk  
  179  9:40  Roach  
  179  9:44  Hive  
  195  9:55  Queen, Extractor  
  195  9:56  Extractor  
  195  10:03  Spire  
  194  10:08  Zerg Ground Armor Level 2  
  192  10:20  Roach x2, Hydralisk x5  
  192  10:21  Roach x5, Hydralisk  
  177  10:22  Roach  
  177  10:23  Roach  
  177  10:25  Roach  
  177  10:26  Roach  
  144  10:29  Overseer  
  144  10:30  Overseer  
  130  10:47  Roach, Hydralisk x6  
  130  10:48  Roach x6  
  154  10:51  Queen  
  156  10:58  Hydralisk x2  
  156  10:59  Roach x2  
  159  11:10  Hydralisk x3  
  159  11:11  Roach x2  
  169  11:17  Hydralisk x2  
  169  11:18  Roach x2  
  177  11:21  Overseer  
  171  11:33  Roach, Hydralisk x3  
  171  11:34  Roach x2  
  178  11:48  Hydralisk x3  
  178  11:49  Roach x4, Hydralisk  
  178  11:53  Greater Spire  
  102  12:18  Hydralisk x5  
  102  12:19  Roach x6, Hydralisk  
  102  12:21  Roach  
  117  12:30  Drone x6  
  117  12:32  Drone  
  117  12:35  Overseer  
  124  12:41  Drone x2  
  124  12:42  Drone x3  
  127  12:55  Corruptor x2  
  110  13:06  Hydralisk x3  
  110  13:07  Roach x2  
  97  13:17  Roach, Hydralisk x2  
  97  13:18  Roach  
  87  13:22  Drone x2  
  85  13:29  Drone x5  
  85  13:31  Drone  
  91  13:34  Roach  
  91  13:37  Hydralisk  
  95  13:43  Roach  
  95  13:44  Ravager x3  
  95  13:45  Ravager  
  95  13:47  Ravager  
  95  13:48  Ravager  
  101  13:54  Hydralisk  
  101  13:59  Hydralisk  
  101  14:00  Roach, Hydralisk  
  102  14:07  Hydralisk  
  102  14:08  Roach  
  98  14:17  Hydralisk  
  98  14:18  Roach  
  93  14:24  Hydralisk  
  93  14:25  Roach  
  93  14:27  Roach  
  93  14:38  Drone x3  
  95  14:43  Drone x5  
  100  14:47  Drone x2  
  102  14:57  Hydralisk  
  102  14:58  Roach, Zergling x2  
  102  14:59  Hydralisk  
  103  15:03  Hydralisk  
  97  15:08  Roach  
  97  15:10  Roach  
Show
View Real Time Build Order
Export as new Build Order

Awers Terran - Winner!

Build Orders: Reaper Expand, Mech 

Get SALT Encoding   

  12  0:00  SCV  
  13  0:13  SCV  
  14  0:17  Supply Depot  
  14  0:25  SCV  
  15  0:39  SCV  
  15  0:41  Barracks  
  16  0:44  Refinery  
  16  0:51  SCV  
  17  1:03  SCV  
  18  1:15  SCV  
  19  1:28  Orbital Command  
  19  1:29  Reaper  
  20  1:40  Command Center  
  20  1:46  Supply Depot  
  21  1:54  SCV  
  21  2:01  Marine  
  22  2:05  Factory  
  22  2:08  SCV  
  23  2:21  Barracks Reactor  
  23  2:23  SCV  
  23  2:24  Refinery  
  24  2:35  SCV  
  25  2:49  SCV  
  26  2:52  Orbital Command  
  26  2:54  Starport  
  26  3:01  Hellion x2  
  26  3:02  SCV  
  31  3:14  SCV  
  31  3:18  SCV  
  33  3:21  Barracks Tech Lab  
  33  3:24  Supply Depot, Hellion x2  
  33  3:27  SCV  
  38  3:31  Fusion Core  
  38  3:34  SCV  
  38  3:39  SCV  
  40  3:44  Viking  
  40  3:47  Supply Depot  
  43  3:48  SCV  
  43  3:51  SCV  
  43  3:53  Hellion  
  46  4:00  SCV  
  47  4:05  SCV  
  48  4:13  SCV  
  48  4:15  Supply Depot  
  48  4:19  Liberator  
  48  4:20  SCV  
  48  4:23  Advanced Ballistics  
  49  4:25  SCV  
  49  4:31  Command Center  
  50  4:32  SCV  
  50  4:38  SCV  
  55  4:41  Supply Depot  
  55  4:44  SCV, Refinery  
  56  4:46  Refinery  
  56  4:50  SCV  
  57  4:56  SCV  
  58  5:02  Hellion, Liberator  
  58  5:03  Supply Depot, Hellion, SCV  
  63  5:13  SCV  
  64  5:15  SCV  
  64  5:19  Armory  
  68  5:24  Hellion x2  
  68  5:25  SCV  
  68  5:27  Supply Depot  
  73  5:28  Supply Depot  
  73  5:31  SCV  
  73  5:33  Armory  
  74  5:40  SCV  
  75  5:45  Hellion x2, Orbital Command  
  79  5:53  Factory x2  
  79  5:54  SCV  
  80  5:58  Barracks Tech Lab  
  80  6:00  SCV  
  81  6:05  Refinery x2  
  81  6:06  SCV  
  81  6:07  Hellion  
  81  6:09  Terran Vehicle Weapons Level 1  
  81  6:10  SCV  
  85  6:14  SCV  
  85  6:18  SCV  
  87  6:20  Starport Reactor  
  87  6:21  Terran Vehicle And Ship Armor Level 1  
  87  6:22  SCV  
  88  6:26  SCV  
  88  6:30  SCV  
  90  6:35  SCV  
  91  6:40  SCV  
  91  6:43  Liberator  
  91  6:45  SCV  
  91  6:46  Command Center  
  93  6:51  Liberator  
  93  6:52  Siege Tank  
  93  6:53  Hellion x2, Siege Tank, SCV  
  101  6:55  SCV  
  101  6:58  Factory  
  101  6:59  Factory  
  101  7:01  SCV  
  103  7:11  SCV  
  107  7:20  SCV  
  107  7:21  Cyclone x2, SCV  
  107  7:23  SCV  
  108  7:32  SCV  
  108  7:33  Supply Depot, Engineering Bay  
  108  7:35  SCV x2, Siege Tank x2  
  117  7:37  Liberator  
  117  7:49  SCV  
  116  7:52  Factory Tech Lab, Factory Reactor  
  119  7:59  Hellion x2  
  123  8:06  SCV  
  123  8:07  Hellion x2  
  128  8:15  SCV x2  
  128  8:17  Siege Tank, Terran Vehicle Weapons Level 2  
  128  8:18  SCV, Refinery  
  134  8:22  Refinery  
  134  8:28  Terran Vehicle And Ship Armor Level 2, Thor  
  136  8:34  Infernal Pre-Igniter  
  136  8:40  Hellion  
  136  8:41  Hellion  
  140  8:45  Supply Depot x2  
  140  8:46  Supply Depot  
  140  8:51  Planetary Fortress  
  140  9:00  Starport x2  
  140  9:11  Siege Tank  
  140  9:12  Siege Tank  
  140  9:15  Hellion, Siege Tank  
  151  9:19  Supply Depot  
  151  9:20  Supply Depot, Hellion x3  
  151  9:21  Command Center  
  151  9:22  Liberator x2  
  153  9:39  Hellion  
  153  9:41  Starport Tech Lab x2  
  153  9:43  Siege Tank  
  153  9:45  Command Center  
  164  9:48  Missile Turret x2  
  164  9:57  Hellion x2, Siege Tank x2  
  174  10:00  Raven  
  174  10:01  Supply Depot  
  171  10:14  Liberator  
  171  10:15  Siege Tank  
  171  10:21  Hellion  
  150  10:22  Hellion  
  150  10:26  Hellion  
  150  10:27  Hellion  
  127  10:29  Siege Tank x2  
  127  10:30  Raven  
  138  10:42  Hellion  
  140  10:44  Hellion  
  140  10:48  Hellion, Siege Tank  
  144  10:55  Raven  
  144  10:56  Hellion, Corvid Reactor  
  148  11:00  Refinery x2  
  148  11:01  Hellion, Siege Tank  
  148  11:04  Hellion  
  155  11:05  Hellion  
  155  11:09  Hellion  
  153  11:18  Hellion  
  155  11:20  Siege Tank  
  155  11:23  Hellion  
  155  11:25  Hellion  
  160  11:26  Hellion  
  160  11:31  Hellion  
  164  11:33  Siege Tank, Raven  
  164  11:34  Viking x2  
  164  11:39  Hellion  
  175  11:44  Siege Tank  
  175  11:46  Missile Turret, Hellion  
  177  11:47  Hellion x3  
  177  11:48  Hellion  
  177  11:52  Siege Tank  
  177  11:53  Hellion  
  162  12:04  Hellion  
  162  12:05  Siege Tank  
  162  12:08  Hellion  
  156  12:09  Hellion, Smart Servos  
  156  12:14  Hellion, Factory  
  139  12:15  Factory  
  139  12:16  Siege Tank, Planetary Fortress  
  140  12:25  Thor  
  140  12:26  Hellion  
  140  12:29  Orbital Command  
  144  12:31  Hellion  
  146  12:37  Siege Tank  
  146  12:40  Cyclone x2  
  155  12:48  Siege Tank  
  158  12:54  Cyclone  
  158  12:55  Hellion  
  163  13:04  Raven x2  
  145  13:09  Hellion, Siege Tank  
  145  13:11  Viking  
  145  13:12  Viking  
  138  13:13  Hellion  
  138  13:17  Hellion x2  
  140  13:20  Siege Tank  
  143  13:34  Factory Tech Lab, Factory Reactor  
  143  13:41  Viking  
  143  13:44  Hellion, Siege Tank  
  143  13:45  Hellion x3  
  154  13:49  Command Center  
  151  13:58  Raven x2  
  151  13:59  Viking  
  151  14:02  Starport  
  154  14:04  Starport  
  154  14:14  Hellion x2, Siege Tank  
  154  14:16  Viking  
  155  14:29  Viking  
  155  14:40  Viking x2  
  155  14:41  Viking  
  161  14:58  Viking x2  

Tags
 
Add a new tag
Caveats
  • Supply blocks, unpowered buildings, or Contaminate may cause inaccurate times.
  • Supply counts are checked every 10 seconds.